 Dungeon Crawl Stone Soup version 0.30.1 (webtiles) character file.

Game seed: 3067679973487603517

21865 GimliDwarf the Protected (level 12, -11/88 HPs)
             Began as a Gnoll Wanderer on July 6, 2023.
             Was the Champion of Okawaru.
             Killed from afar by a rime drake (25 damage)
             ... with an icy flash freeze
             ... on level 3 of the Lair of Beasts.
             The game lasted 00:42:05 (14329 turns).

GimliDwarf the Protected (Gnoll Wanderer)          Turns: 14329, Time: 00:42:06

Health: -11/88     AC: 19    Str: 10    XL:     12   Next: 94%
Magic:  24/24      EV: 17    Int: 13    God:    Okawaru [******]
Gold:   1156       SH:  9    Dex: 24    Spells: 19/27 levels left

rFire   . . .        J - +9 mace of Makhleb's Inspiration {vamp, rN+}
rCold   . . .        c - +2 buckler
rNeg    + . .        q - +2 leather armour of Marbles {Rampage rPois Will+ Dex+2}
rPois   +            z - +2 helmet {SInv}
rElec   +            t - +1 cloak
rCorr   +            r - +2 pair of gloves
SInv    +            o - +2 pair of boots {rampage}
Will    +....        f - amulet of Sauzac {rElec Regen+ rCorr Int+3}
Stlth   +++++        P - ring of flight
HPRegen 1.14/turn    (no ring)
MPRegen 0.19/turn

%: clarity, rampage
@: flying, unable to drink
A: fangs 1, strong nose, distributed training, camouflage 1, agile 1, clarity,
frail 1, inability to drink after injury 1
a: Renounce Religion, Heroism, Finesse, Duel


You were on level 3 of the Lair of Beasts.
You worshipped Okawaru.
Okawaru was exalted by your worship.
You visited 3 branches of the dungeon, and saw 15 of its levels.
You also visited: Sewer.

You collected 2073 gold pieces.
You spent 917 gold pieces at shops.

Inventory:

Hand Weapons
 e - the +4 dagger of Causality {flame, rElec rF- rC+ Stlth+}
   (You found it on level 4 of the Dungeon)

   rF:        It makes you vulnerable to fire.
   rC:        It protects you from cold.
   rElec:     It insulates you from electricity.
   Stlth:     It makes you more stealthy.
 k - a +4 antimagic trident
 m - the +2 short sword of Mastery {flame, rF+ rC- Dex+5}
   (You found it on level 5 of the Dungeon)

   Dex:       It affects your dexterity (+5).
   rF:        It protects you from fire.
   rC:        It makes you vulnerable to cold.
 y - a +7 club of draining
 J - the +9 mace of Makhleb's Inspiration (weapon) {vamp, rN+}
   (You found it on level 8 of the Dungeon)

   rN:        It protects you from negative energy.
 S - the +3 mace of Rydu {pain, rF+ rC+ rN+ Str+4}
   (You found it on level 2 of the Lair of Beasts)

   Str:       It affects your strength (+4).
   rF:        It protects you from fire.
   rC:        It protects you from cold.
   rN:        It protects you from negative energy.
Missiles
 h - 37 boomerangs
 C - 3 throwing nets
 K - 2 silver javelins
 M - 8 atropa-tipped darts
 Q - 2 javelins (quivered)
 T - 2 curare-tipped darts
Armour
 c - a +2 buckler (worn)
 o - a +2 pair of boots of rampaging (worn)
 q - the +2 leather armour of Marbles (worn) {Rampage rPois Will+ Dex+2}
   (You found it on level 3 of the Dungeon)

   Dex:       It affects your dexterity (+2).
   rPois:     It protects you from poison.
   Rampage:   It bestows one free step when moving towards enemies.
   Will:      It increases your willpower.
 r - a +2 pair of gloves (worn)
 t - a +1 cloak (worn)
 z - a +2 helmet of see invisible (worn)
Jewellery
 f - the amulet of Sauzac (around neck) {rElec Regen+ rCorr Int+3}
   (You bought it in a shop on level 4 of the Dungeon)

   [amulet of regeneration]

   Int:       It affects your intelligence (+3).
   rElec:     It insulates you from electricity.
   Regen:     It increases your rate of health regeneration.
   rCorr:     It protects you from acid and corrosion.
 n - an amulet of reflection
 N - a ring of fire
 P - a ring of flight (left hand)
 R - a ring of ice
Wands
 i - a wand of polymorph (5)
 l - a wand of digging (9)
 I - a wand of roots (1)
 O - a wand of acid (4)
 U - a wand of flame (12)
Scrolls
 a - 3 scrolls of amnesia
 b - a scroll of silence
 d - 3 scrolls of blinking
 g - 5 scrolls of teleportation
 v - 2 scrolls of identify
 x - 3 scrolls of brand weapon
 D - 3 scrolls of fear
 E - 2 scrolls of magic mapping
 H - 2 scrolls of poison
Potions
 j - a potion of invisibility
 p - a potion of berserk rage
 s - 6 potions of flight
 u - 3 potions of curing
 w - 4 potions of heal wounds
 A - 2 potions of mutation
 B - 2 potions of magic
 F - a potion of cancellation
 G - a potion of ambrosia
 L - 3 potions of brilliance
 V - a potion of might


   Skills:
 + Level 10.4 Fighting
 + Level 8.0 Short Blades
 + Level 8.0 Long Blades
 + Level 8.0 Axes
 + Level 8.0 Maces & Flails
 + Level 8.0 Polearms
 + Level 8.0 Staves
 + Level 8.0 Ranged Weapons
 + Level 8.0 Throwing
 + Level 10.4 Armour
 + Level 8.0 Dodging
 + Level 8.0 Stealth
 + Level 8.5 Shields
 + Level 9.3 Unarmed Combat
 + Level 8.0 Spellcasting
 + Level 6.7 Conjurations
 + Level 6.7 Hexes
 + Level 6.7 Summonings
 + Level 6.7 Necromancy
 + Level 6.7 Translocations
 + Level 6.7 Transmutations
 + Level 6.7 Fire Magic
 + Level 6.7 Ice Magic
 + Level 6.7 Air Magic
 + Level 6.7 Earth Magic
 + Level 6.7 Poison Magic
 + Level 8.8 Invocations
 + Level 8.5 Evocations


You had 19 spell levels left.
You knew the following spells:

 Your Spells              Type           Power      Damage    Failure   Level
a - Mephitic Cloud        Conj/Pois/Air  22%        N/A       4%          3
b - Ignite Poison         Fire/Tmut/Pois 22%        N/A       4%          3
c - Cigotuvi's Dreadful   Necr/Pois/Air  44%        N/A       2%          2

Your spell library contained the following spells:

 Spells                   Type           Power      Damage    Failure   Level
 Foxfire                  Conj/Fire      88%        2x1d8     1%          1
 Magic Dart               Conj           88%        1d7       1%          1
 Shock                    Conj/Air       88%        1d8       1%          1
 Blink                    Tloc           44%        N/A       2%          2
 Inner Flame              Hex/Fire       22%        N/A       4%          3
 Ozocubu's Armour         Ice            22%        N/A       4%          3
 Swiftness                Air            22%        N/A       4%          3
 Vhi's Electric Charge    Tloc/Air       44%        N/A       4%          3
 Airstrike                Air            11%        2d(2-18)  14%         4
 Flame Wave               Conj/Fire      22%        2d8       14%         4
 Manifold Assault         Tloc           22%        N/A       14%         4
 Sticky Flame             Conj/Fire      22%        2d4       14%         4
 Arcjolt                  Conj/Air       11%        1d21      38%         5
 Fireball                 Conj/Fire      11%        3d7       38%         5
 Freezing Cloud           Conj/Ice/Air   11%        6-21      38%         5
 Plasma Beam              Fire/Air       11%        2x1d24    92%         6
 Starburst                Conj/Fire      11%        6d5       92%         6
 Ozocubu's Refrigeration  Ice            11%        4d9       100%        7
 Storm Form               Tmut/Air       11%        N/A       100%        7
 Ignition                 Fire           11%        3d5       100%        8
 Polar Vortex             Ice            11%        N/A       100%        9
 Call Imp                 Summ           Unusable   N/A       N/A         2
 Simulacrum               Ice/Necr       Unusable   N/A       N/A         6

Dungeon Overview and Level Annotations

Branches:
Dungeon (11/15)            Temple (1/1) D:4            Lair (3/5) D:11
  Snake (0/4) Lair:3          Orc (0/2) D:10          Sewer (visited)
  Swamp: Lair:2-3    Shoals: Lair:2-3

Altars:
Ashenzari
Cheibriados
Dithmenos
Elyvilon
Fedhas
Gozag
Hepliaklqana
Kikubaaqudgha
Makhleb
Nemelex Xobeh
Okawaru
Qazlal
Ru
Sif Muna
Trog
Uskayaw
Vehumet
Wu Jian
Xom
Yredelemnul
Zin
The Shining One

Shops:
D:2 !   D:4 [:?=   D:5 ?   D:6 [   D:10 [


Innate Abilities, Weirdness & Mutations

You have very sharp teeth.
Your uncanny sense of smell can sniff out nearby items.
Your experience applies equally to all skills.
Your skin changes colour to match your surroundings (Stealth+).
You are agile. (Dex +4, Str/Int -1)
You possess an exceptional clarity of mind.
You are frail. (-10% HP)
You occasionally lose the ability to drink potions when taking damage.


Message History

You sock the naga!
The naga is moderately wounded.
The naga barely misses you. The naga spits poison at you.
The splash of poison hits you. You resist. The naga constricts you.
You hit the naga.
You feel better.
You bite the naga, but do no damage.
The naga is heavily wounded.
You block the naga's attack. The naga hits you but does no damage.
The naga constricts you. The naga closely misses you.
The rime drake bites you but does no damage.
You block the naga's attack.
You sock the naga!
You feel better.
The naga is almost dead.
The naga spits poison at you. You block the splash of poison.
The naga constricts you.
The naga hits you from afar with a +0 glaive!
The rime drake breathes ice at you. The icy flash freeze hits you!!
You are encased in ice.
The naga hits you from afar with a +0 glaive!
You feel threatened and lose the ability to drink potions!
* * * LOW HITPOINT WARNING * * *
The naga's grasp on you weakens, but your attempt to escape fails.
The rime drake misses you. You block the naga's attack.
The naga constricts you.
The naga hits you from afar with a +0 glaive!
* * * LOW HITPOINT WARNING * * *
The naga barely misses you.
You cannot drink potions in your current state!
You sock the naga!
You kill the naga!
Okawaru accepts your kill. The rime drake barely misses you.
The naga barely misses you.
The naga hits you from afar with a +0 glaive.
* * * LOW HITPOINT WARNING * * *
You closely miss the rime drake. The ice encasing you melts away.
The rime drake breathes ice at you. The icy flash freeze hits you!!
You die...

##.((((((...# .....>)....
......... ....... .....
N.N# #)k# ## # ##@##
P.#.# ...∆ #...##...##
....# ##P.......# .P...
##......#. #... ###
####........
##...###!####.##.#......
#...#.....#.#...........
###......................
.###.#..................#


You could see a rime drake (catching breath) and 2 nagas.

Vanquished Creatures
  4 two-headed ogres
  3 boulder beetles
  Urug (Lair:1)
  Pikel (D:5)
  A cyclops (D:11)
  Maurice (D:8)
  2 black mambas
  Joseph (D:7)
  3 cane toads
  A kobold demonologist (D:9)
  8 komodo dragons
  A troll (D:11)
  Prince Ribbit (Lair:1)
  A polar bear (Lair:1)
  4 blink frogs (Lair:1)
  2 hornets
  2 wyverns
  20 yaks
  2 wraiths
  3 basilisks
  3 steam dragons
  Menkaure (D:7)
  2 nagas (Lair:3)
  3 acid dragons (D:11)
  2 water moccasins
  Duvessa (D:6)
  4 black bears
  A swamp drake (D:11)
  6 orc warriors
  An ice beast (D:8)
  2 ogres
  3 wolves (Lair:2)
  8 centaurs
  A phantom (D:4)
  2 lemures (D:5)
  4 kobold brigands
  4 bullfrogs
  A gnoll sergeant (D:8)
  4 scorpions
  4 wights (D:7)
  Dowan (D:6)
  4 killer bees (D:9)
  3 jellies
  Crazy Yiuf (D:7)
  8 hounds
  7 orc priests
  2 gnoll boudas
  3 sleepcaps
  An iguana (D:5)
  7 orc wizards
  Robin (D:4)
  33 gnolls
  3 adders
  2 river rats
  A white imp (D:7)
  An ufetubus (D:6)
  4 worms
  A dart slug (D:2)
  58 orcs
  6 ball pythons
  5 bats
  6 endoplasms
  4 giant cockroaches
  15 goblins
  11 hobgoblins
  14 jackals (D:5)
  15 kobolds
  5 quokkas
  3 frilled lizards (D:1)
  14 rats
358 creatures vanquished.

Notes
Turn   | Place    | Note
-------+----------+-------------------------------------------
     0 | D:1      | GimliDwarf the Gnoll Wanderer began the quest for the Orb.
     0 | D:1      | GimliDwarf set off with the following items: a +0 dagger, a
                  | scroll of silence, a +0 buckler, a scroll of blinking, a +0
                  | chain mail.
     0 | D:1      | Reached XP level 1. HP: 23/23 MP: 1/1
   210 | D:1      | Reached XP level 2. HP: 18/29 MP: 2/2
   716 | D:1      | Reached XP level 3. HP: 35/35 MP: 3/3
  1161 | D:2      | Reached skill level 1 in Invocations
  1166 | D:2      | Found Wuihenn's Distillery.
  1351 | D:2      | Found a faded altar of an unknown god.
  1468 | D:2      | Reached skill level 1 in Short Blades
  1468 | D:2      | Reached skill level 1 in Long Blades
  1468 | D:2      | Reached skill level 1 in Axes
  1468 | D:2      | Reached skill level 1 in Maces & Flails
  1468 | D:2      | Reached skill level 1 in Polearms
  1468 | D:2      | Reached skill level 1 in Staves
  1468 | D:2      | Reached skill level 1 in Ranged Weapons
  1468 | D:2      | Reached skill level 1 in Throwing
  1468 | D:2      | Reached skill level 1 in Dodging
  1468 | D:2      | Reached skill level 1 in Stealth
  1468 | D:2      | Reached skill level 1 in Spellcasting
  1545 | D:2      | Bought a potion of curing for 30 gold pieces
  2022 | D:3      | Reached XP level 4. HP: 40/40 MP: 5/5
  2123 | D:3      | Identified the +2 leather armour of Marbles {Rampage rPois
                  | Will+ Dex+2}
  2161 | D:3      | Noticed an ogre
  2398 | D:3      | Killed an ogre
  2399 | D:3      | Reached skill level 1 in Conjurations
  2399 | D:3      | Reached skill level 1 in Hexes
  2399 | D:3      | Reached skill level 1 in Summonings
  2399 | D:3      | Reached skill level 1 in Necromancy
  2399 | D:3      | Reached skill level 1 in Translocations
  2399 | D:3      | Reached skill level 1 in Transmutations
  2399 | D:3      | Reached skill level 1 in Fire Magic
  2399 | D:3      | Reached skill level 1 in Ice Magic
  2399 | D:3      | Reached skill level 1 in Air Magic
  2399 | D:3      | Reached skill level 1 in Earth Magic
  2399 | D:3      | Reached skill level 1 in Poison Magic
  2399 | D:3      | Reached XP level 5. HP: 41/47 MP: 5/7
  3038 | D:4      | Found Ymaaluos's Antique Armour Emporium.
  3063 | D:4      | Found a staircase to the Ecumenical Temple.
  3068 | D:4      | Reached XP level 6. HP: 53/53 MP: 8/8
  3068 | D:4      | Noticed a steam dragon
  3100 | D:3      | Killed a steam dragon
  3101 | D:3      | Reached skill level 5 in Unarmed Combat
  3289 | D:4      | Noticed a black bear
  3410 | D:4      | Found Jeritufe's Book Shop.
  3414 | Temple   | Entered the Ecumenical Temple
  3497 | Temple   | Became a worshipper of Warmaster Okawaru
  3632 | D:4      | Found a large runed translucent door.
  3632 | D:4      | Found a large runed translucent door.
  3655 | D:4      | Killed a black bear
  3656 | D:4      | Reached XP level 7. HP: 31/60 MP: 10/10
  3832 | D:4      | Found Figey's Jewellery Shoppe.
  3859 | D:4      | Found Pituan's Magic Scroll Shoppe.
  3979 | D:4      | Identified the +4 dagger of Causality {flame, rElec rF- rC+
                  | Stlth+}
  4225 | D:4      | Noticed Robin
  4252 | D:4      | Killed Robin
  4509 | D:5      | Entered Level 5 of the Dungeon
  4674 | D:5      | Found Buerag's Magic Scroll Shop.
  4678 | D:5      | Bought a scroll of magic mapping for 105 gold pieces
  4694 | D:5      | Identified the +2 short sword of Mastery {flame, rF+ rC-
                  | Dex+5}
  4839 | D:5      | Found a glowing drain.
  4843 | Sewer    | Entered a sewer
  4922 | Sewer    | Reached * piety under Okawaru
  4923 | Sewer    | Reached XP level 8. HP: 66/67 MP: 12/12
  4937 | Sewer    | Found a white marble altar of Elyvilon.
  5266 | D:5      | Noticed Pikel
  5396 | D:5      | Killed Pikel
  5396 | D:5      | Reached ** piety under Okawaru
  5397 | D:5      | Reached XP level 9. HP: 47/73 MP: 13/15
  6028 | D:5      | Reached skill level 5 in Shields
  6028 | D:5      | Reached skill level 5 in Evocations
  6777 | D:6      | Found Vousiur's Armour Boutique.
  6869 | D:6      | Noticed Dowan
  6877 | D:6      | Killed Dowan
  6878 | D:6      | Reached skill level 5 in Invocations
  6878 | D:6      | Noticed Duvessa
  6901 | D:6      | Killed Duvessa
  7610 | D:7      | Reached *** piety under Okawaru
  8047 | D:7      | Noticed Menkaure
  8049 | D:7      | Killed Menkaure
  8103 | D:7      | Reached skill level 5 in Short Blades
  8103 | D:7      | Reached skill level 5 in Long Blades
  8103 | D:7      | Reached skill level 5 in Axes
  8103 | D:7      | Reached skill level 5 in Maces & Flails
  8103 | D:7      | Reached skill level 5 in Polearms
  8103 | D:7      | Reached skill level 5 in Staves
  8103 | D:7      | Reached skill level 5 in Ranged Weapons
  8103 | D:7      | Reached skill level 5 in Throwing
  8103 | D:7      | Reached skill level 5 in Dodging
  8103 | D:7      | Reached skill level 5 in Stealth
  8103 | D:7      | Reached skill level 5 in Spellcasting
  8103 | D:7      | Reached XP level 10. HP: 19/81 MP: 17/17
  8447 | D:7      | Noticed Joseph
  8466 | D:7      | Killed Joseph
  8652 | D:7      | Found a runed translucent door.
  8653 | D:7      | Noticed Crazy Yiuf
  8661 | D:7      | Killed Crazy Yiuf
  8691 | D:7      | Identified a scroll of acquirement
  8691 | D:7      | Acquired 1032 gold pieces
  8911 | D:4      | Bought the amulet of Sauzac {rElec Regen+ rCorr Int+3} for
                  | 782 gold pieces
  8945 | D:4      | Found a hazy altar of Hepliaklqana.
  8954 | D:4      | Found a burning altar of Makhleb.
  9208 | D:8      | Noticed Maurice
  9213 | D:8      | Killed Maurice
  9628 | D:8      | Found a blossoming altar of Fedhas.
  9630 | D:8      | Identified the +9 mace of Makhleb's Inspiration {vamp, rN+}
  9767 | D:9      | Gained mutation: You have sharp toenails. [potion of
                  | mutation]
  9767 | D:9      | Gained mutation: Your mind is acute. (Int +4, Str/Dex -1)
                  | [potion of mutation]
  9767 | D:9      | Gained mutation: You are frail. (-10% HP) [potion of
                  | mutation]
  9768 | D:9      | Lost mutation: Your mind is acute. (Int +4, Str/Dex -1)
                  | [potion of mutation]
  9768 | D:9      | Lost mutation: You have sharp toenails. [potion of
                  | mutation]
  9768 | D:9      | Gained mutation: You occasionally lose the ability to drink
                  | potions when taking damage. [potion of mutation]
  9768 | D:9      | Gained mutation: You are agile. (Dex +4, Str/Int -1)
                  | [potion of mutation]
  9768 | D:9      | Gained mutation: You possess an exceptional clarity of
                  | mind. [potion of mutation]
  9768 | D:9      | Gained mutation: Your skin changes colour to match your
                  | surroundings (Stealth+). [potion of mutation]
  9954 | D:9      | Noticed a two-headed ogre
  9955 | D:9      | Reached **** piety under Okawaru
  9962 | D:9      | Killed a two-headed ogre
 10114 | D:9      | Noticed a kobold demonologist
 10119 | D:9      | Noticed an orange demon
 10135 | D:9      | Noticed a rust devil
 10143 | D:9      | Killed a kobold demonologist
 10143 | D:9      | Received a gift from Okawaru
 10879 | D:9      | Learned a level 3 spell: Mephitic Cloud
 10883 | D:9      | Learned a level 3 spell: Ignite Poison
 10886 | D:9      | Learned a level 2 spell: Cigotuvi's Dreadful Rot
 10887 | D:10     | Entered Level 10 of the Dungeon
 10911 | D:10     | Reached skill level 5 in Conjurations
 10911 | D:10     | Reached skill level 5 in Hexes
 10911 | D:10     | Reached skill level 5 in Summonings
 10911 | D:10     | Reached skill level 5 in Necromancy
 10911 | D:10     | Reached skill level 5 in Translocations
 10911 | D:10     | Reached skill level 5 in Transmutations
 10911 | D:10     | Reached skill level 5 in Fire Magic
 10911 | D:10     | Reached skill level 5 in Ice Magic
 10911 | D:10     | Reached skill level 5 in Air Magic
 10911 | D:10     | Reached skill level 5 in Earth Magic
 10911 | D:10     | Reached skill level 5 in Poison Magic
 10911 | D:10     | Reached XP level 11. HP: 80/80 MP: 20/20
 11057 | D:10     | Reached ***** piety under Okawaru
 11143 | D:10     | Received a gift from Okawaru
 11272 | D:10     | Found Bymut's Antique Armour Boutique.
 11439 | D:10     | Found a stormy altar of Qazlal.
 11457 | D:10     | Found a staircase to the Orcish Mines.
 11457 | D:10     | Identified the +8 quarterstaff of the Inferno {speed, rC+
                  | Will+}
 11698 | D:11     | Noticed a cyclops
 11775 | D:11     | Killed a cyclops
 11914 | D:11     | Received a gift from Okawaru
 12045 | D:11     | Noticed a two-headed ogre
 12046 | D:11     | Killed a two-headed ogre
 12128 | D:11     | Found a staircase to the Lair.
 12219 | D:11     | Noticed a two-headed ogre
 12224 | D:11     | Noticed a boulder beetle
 12226 | D:11     | Killed a two-headed ogre
 12232 | D:11     | Killed a boulder beetle
 12232 | D:11     | Reached ****** piety under Okawaru
 12233 | D:11     | Reached XP level 12. HP: 87/87 MP: 22/22
 12283 | D:11     | Noticed a two-headed ogre
 12288 | D:11     | Killed a two-headed ogre
 12478 | Lair:1   | Entered Level 1 of the Lair of Beasts
 12522 | Lair:1   | Found a hazy altar of Hepliaklqana.
 12633 | Lair:1   | Noticed Urug
 12642 | Lair:1   | Killed Urug
 12642 | Lair:1   | Received a gift from Okawaru
 12643 | Lair:1   | Reached skill level 10 in Fighting
 12643 | Lair:1   | Reached skill level 10 in Armour
 12858 | Lair:1   | Noticed Prince Ribbit
 12886 | Lair:1   | Received a gift from Okawaru
 12894 | Lair:1   | Killed Prince Ribbit
 13263 | Lair:2   | Received a gift from Okawaru
 13352 | Lair:2   | Identified the +3 mace of Rydu {pain, rF+ rC+ rN+ Str+4}
 13354 | Lair:2   | Noticed a boulder beetle
 13427 | Lair:2   | Killed a boulder beetle
 13427 | Lair:2   | Received a gift from Okawaru
 13916 | Lair:2   | Noticed a boulder beetle
 13951 | Lair:2   | Killed a boulder beetle
 14315 | Lair:3   | Found a staircase to the Snake Pit.
 14329 | Lair:3   | Killed from afar by a rime drake

Illustrated notes

Levels and vault maps discovered:
D:1:      dpeg_arrival_castle, layout_basic, st_stairs_7
D:2:      layout_basic, nicolae_ecumenical_pavilion, serial_shops,
          nicolae_shop_tiny_glass, patterned_corridor
D:3:      layout_loops_cross
D:4:      layout_loops_ring, jmf_multi_god_temple2, minmay_temple_entry_glass,
          serial_shops, shop, shop, shop, nicolae_shop_overgrown_old_shop,
          uniq_robin
D:5:      lemuel_castle_with_subvaults [lemuel_castle_interior_carwin_2],
          layout_layer_cave, gup_sewer_entry_spiral, serial_shops,
          nicolae_square_shop, st_stairs_13, uniq_pikel
D:6:      layout_basic, serial_shops, shop, uniq_duvessa
D:7:      layout_basic, uniq_joseph, uniq_menkaure, uniq_crazy_yiuf_cottage
D:8:      nicolae_cairo_tiling, layout_loops_ring,
          mainiacjoe_overflow_tiny_flanked, uniq_maurice
D:9:      layout_stronghold, roderic_serpentine_path
D:10:     layout_basic, general_overflow_altar, david_orc_5, serial_shops, shop
D:11:     layout_rooms, erik_lair_dragon
Temple:   eino_narrow_crystal_temple
Lair:1:   layout_long_grid, basic_altar, cheibrodos_lair_reptile_den,
          uniq_prince_ribbit2, uniq_urug
Lair:2:   layout_gridlike, cheibrodos_lair_caveside_slide,
          infiniplex_staircase_pool_2
Lair:3:   layout_cave_pods, palyth_hydra_swamp_entry,
          minmay_snake_entry_guardpost_small

Skill      XL: |  1  2  3  4  5  6  7  8  9 10 11 12 |
---------------+-------------------------------------+-----
Invocations    | 1 2 3 4 5 6 7 8 |  8.8
Short Blades   | 1 2 3 4 5 6 7 8 |  8.0
Long Blades    | 1 2 3 4 5 6 7 8 |  8.0
Axes           | 1 2 3 4 5 6 7 8 |  8.0
Maces & Flails | 1 2 3 4 5 6 7 8 |  8.0
Polearms       | 1 2 3 4 5 6 7 8 |  8.0
Staves         | 1 2 3 4 5 6 7 8 |  8.0
Ranged Weapons | 1 2 3 4 5 6 7 8 |  8.0
Throwing       | 1 2 3 4 5 6 7 8 |  8.0
Dodging        | 1 2 3 4 5 6 7 8 |  8.0
Stealth        | 1 2 3 4 5 6 7 8 |  8.0
Spellcasting   | 1 2 3 4 5 6 7 8 |  8.0
Shields        | 3 4 5 6 7 8 |  8.5
Conjurations   | 1 2 3 4 5 6 |  6.7
Hexes          | 1 2 3 4 5 6 |  6.7
Summonings     | 1 2 3 4 5 6 |  6.7
Necromancy     | 1 2 3 4 5 6 |  6.7
Translocations | 1 2 3 4 5 6 |  6.7
Transmutations | 1 2 3 4 5 6 |  6.7
Fire Magic     | 1 2 3 4 5 6 |  6.7
Ice Magic      | 1 2 3 4 5 6 |  6.7
Air Magic      | 1 2 3 4 5 6 |  6.7
Earth Magic    | 1 2 3 4 5 6 |  6.7
Poison Magic   | 1 2 3 4 5 6 |  6.7
Evocations     | 3 4 5 6 7 8 |  8.5
Unarmed Combat | 5 6 7 8 9 |  9.3
Fighting       | 7 8 9 10 | 10.4
Armour         | 7 8 9 10 | 10.4

Action                     |  1- 3 |  4- 6 |  7- 9 | 10-12 || total
---------------------------+-------+-------+-------+-------++-------
  Melee: Dagger            |    51 |       |   260 |   283 ||   594
         Bite              |    10 |    10 |    70 |   145 ||   235
         Long sword        |    80 |   109 |    13 |       ||   202
         Short sword       |       |       |   181 |    12 ||   193
         Club              |       |       |    29 |       ||    29
         Trident           |       |       |    35 |    22 ||    57
         Mace              |       |       |       |   499 ||   499
  Throw: Boomerang         |       |    14 |    33 |       ||    47
         Dart              |       |       |       |     8 ||     8
         Javelin           |       |       |       |     5 ||     5
   Cast: Mephitic Cloud    |       |       |       |     1 ||     1
         Cigotuvi's Dreadf |       |       |       |     1 ||     1
  Evoke: Wand              |       |       |     2 |     3 ||     5
    Use: Potion            |       |     1 |       |     2 ||     3
         Scroll            |       |       |    13 |    13 ||    26
   Stab: Sleeping          |       |     1 |     9 |    31 ||    41
         Distracted        |       |       |     4 |     1 ||     5
         Confused          |       |       |       |     1 ||     1
         Invisible         |       |       |       |     4 ||     4
 Armour: Chain mail        |    87 |     5 |       |       ||    92
         Leather armour    |       |    53 |   182 |   274 ||   509
  Dodge: Dodged            |    38 |    79 |   273 |   614 ||  1004
  Block: Buckler           |    32 |    27 |   214 |   376 ||   649
